Rangers vs Canucks
Created - 10 décembre 2013 at 19:07
Goals
|
| Rangers |
2 |
1 |
0 |
3 |
| Canucks |
0 |
1 |
0 |
1 |
|
Shots
|
| Rangers |
9 |
12 |
10 |
31 |
| Canucks |
9 |
13 |
8 |
30 |
|
1st period
1. Rangers , Patrice Bergeron 11 (Kimmo Timonen) at 10:07
2. Rangers , Alexandre Burrows 3 (Bryan Berard, Valtteri Filppula) at 16:12
Penalties :
Erik Christensen (Van) for Tripping (Minor) at 2:45, Kimmo Timonen (NYR) for Interference (Minor) at 2:45, Matt Stajan (Van) for Tripping (Minor) at 16:23, Drew Stafford (NYR) for Roughing (Minor) at 19:10
2nd period
3. Rangers , Alexandre Burrows 4 (Drew Stafford, Bryan Berard) at 5:33
4. Canucks , Kris Vernarsky 7 (David Jones, Mark Streit) at 18:52
Penalties :
Alexandre Burrows (NYR) for Hooking (Minor) at 6:17
3rd period
No Goal
Penalties :
Brad Richardson (Van) for Hooking (Minor) at 4:48, Derian Hatcher (Van) for Hooking (Minor) at 8:31
Goalie Stats
Hannu Toivonen (NYR), 29 saves from 30 shots - (0,967), W, 6-3-1, 60:00 minutes
Carey Price (Van), 28 saves from 31 shots - (0,903), L, 10-9-0, 60:00 minutes
Players Stats for Rangers
Player Name G A P +/- PIM S H SB GA TA FO MP PP MP PK MP
------------------------------------------------------------------------------------
Alexandre Burrows 2 0 2 2 2 4 1 0 0 0 1/1 14:02 0:13 0:08
Brad Richards 0 0 0 -1 0 2 1 0 1 0 12/28 25:10 3:12 2:22
Brent Seabrook 0 0 0 2 0 0 0 2 0 1 0/0 20:42 2:08 1:38
Bryan Berard 0 2 2 2 0 2 1 1 1 0 0/0 20:42 2:08 1:38
Byron Ritchie 0 0 0 0 0 0 0 0 0 0 0/2 4:59 0:00 0:00
Cam Barker 0 0 0 1 0 1 0 0 0 1 0/0 27:11 3:49 2:20
Drew Stafford 0 1 1 2 2 1 1 0 0 0 0/1 13:57 0:00 0:00
Dustin Brown 0 0 0 1 0 2 1 0 0 0 0/2 18:02 2:45 0:00
Jaroslav Balastik 0 0 0 0 0 1 0 0 0 0 1/1 5:30 0:00 0:21
Johan Franzen 0 0 0 -1 0 6 1 0 0 0 0/0 19:27 2:59 0:55
Kimmo Timonen 0 1 1 1 2 0 1 1 1 3 0/0 22:31 3:49 2:20
Kyle McLaren 0 0 0 -1 0 1 1 0 0 0 0/0 13:09 0:00 0:00
Mark Fistric 0 0 0 0 0 0 0 0 0 0 0/0 3:22 0:00 0:00
Matt Greene 0 0 0 -1 0 3 0 0 0 0 0/0 13:05 0:00 0:00
Milan Lucic 0 0 0 -1 0 3 3 0 0 1 2/3 21:30 3:12 2:31
Patrice Bergeron 1 0 1 1 0 3 3 0 0 0 4/12 18:02 2:45 0:00
Patrick Sharp 0 0 0 1 0 1 1 0 1 0 0/0 19:50 2:45 0:55
Valtteri Filppula 0 1 1 2 0 1 0 1 0 0 1/3 12:49 0:00 0:44
Players Stats for Canucks
Player Name G A P +/- PIM S H SB GA TA FO MP PP MP PK MP
------------------------------------------------------------------------------------
Anthony Stewart 0 0 0 0 0 0 0 0 0 0 0/0 0:10 0:00 0:00
Brad Richardson 0 0 0 -1 2 0 2 0 0 0 1/2 6:10 0:00 0:27
Brent Sopel 0 0 0 0 0 0 1 1 0 1 0/0 21:06 1:37 2:50
Clarke MacArthur 0 0 0 -1 0 3 1 0 0 1 1/2 22:32 2:00 2:39
Daniel Paille 0 0 0 -1 0 1 0 0 0 0 2/2 7:35 0:00 1:47
David Jones 0 1 1 1 0 3 1 0 0 0 1/2 16:11 1:55 0:00
Derian Hatcher 0 0 0 0 2 0 1 1 0 0 0/0 19:52 1:37 1:59
Erik Christensen 0 0 0 -1 2 1 2 1 1 0 2/2 13:08 0:03 0:15
Fabian Brunnstrom 0 0 0 -1 0 4 5 0 0 0 0/0 12:44 0:07 0:03
François Beauchemin 0 0 0 0 0 1 0 1 0 0 0/0 12:12 0:00 0:09
Jaromir Jagr 0 0 0 -2 0 8 0 0 2 1 4/7 25:13 1:59 3:01
Jeremy Williams 0 0 0 -1 0 2 1 0 0 1 0/0 11:25 0:00 0:00
Kris Vernarsky 1 0 1 1 0 3 0 0 0 0 5/10 16:11 1:55 0:00
Mark Streit 0 1 1 -2 0 1 1 1 0 0 0/0 27:35 2:21 3:07
Matt Stajan 0 0 0 -1 2 2 3 2 1 0 16/26 20:29 2:00 0:53
Peter Worrell 0 0 0 1 0 1 1 0 1 0 0/0 19:51 1:55 2:49
Scott Niedermayer 0 0 0 -2 0 0 1 0 1 0 0/0 27:35 2:21 3:07
Taylor Chorney 0 0 0 0 0 0 0 1 0 0 0/0 12:01 0:00 0:42
3 Stars
1 - Alexandre Burrows (NYR)
2 - Hannu Toivonen (NYR)
3 - Bryan Berard (NYR)
Power Play
Rangers - 0 on 3 Attempt(s) - 0,00%
Canucks - 0 on 2 Attempt(s) - 0,00%
Penalty Kill
Rangers - 2 on 2 Attempt(s) - 100,00%
- Score 0 goal in Penalty Kill
Canucks - 3 on 3 Attempt(s) - 100,00%
- Score 0 goal in Penalty Kill
Official
Referees : Leggo Mike and Morton Dean
Linesman : Pierre Racicot and Scott Cherrey
Game Notes
No Game Note
Finance
Level 1 -- Attendance: 3859 (64,32%) -- Ticket Income 382 041 $
Level 2 -- Attendance: 4681 (93,62%) -- Ticket Income 243 412 $
Level 3 -- Attendance: 1999 (99,95%) -- Ticket Income 59 970 $
Level 4 -- Attendance: 4000 (100,00%) -- Ticket Income 68 000 $
Luxury Box -- Attendance: 1000 (100,00%) -- Ticket Income 100 000 $
Game was played at the Budweiser Coliseum
Total Attendance: 15539 (86,33%)
Total Ticket Income: 853 423 $
Other Income: 128 013 $
Total Income: 981 436 $
Rangers
5 vs 5 Forward
Center Left Wing Right Wing Time % Phy DF OF
1 Brad Richards Milan Lucic Johan Franzen 40 1 2 2
2 Patrice Bergeron Patrick Sharp Dustin Brown 30 1 2 2
3 Valtteri Filppula Alexandre Burrows Drew Stafford 20 1 2 2
4 Byron Ritchie Jaroslav Balastik Brad Richards 10 1 2 2
5 vs 5 Defense
Defense Defense Time % Phy DF OF
1 Cam Barker Kimmo Timonen 40 1 2 2
2 Brent Seabrook Bryan Berard 30 1 2 2
3 Kyle McLaren Matt Greene 20 1 2 2
4 Mark Fistric Cam Barker 10 1 2 2
PowerPlay Forward
Center Left Wing Right Wing Time % Phy DF OF
1 Brad Richards Milan Lucic Johan Franzen 60 1 2 2
2 Patrice Bergeron Patrick Sharp Dustin Brown 40 1 2 2
PowerPlay Defense
Defense Defense Time % Phy DF OF
1 Cam Barker Kimmo Timonen 60 1 2 2
2 Brent Seabrook Bryan Berard 40 1 2 2
Penalty Kill 4 Players Forward
Center Wing Time % Phy DF OF
1 Brad Richards Milan Lucic 60 1 2 2
2 Johan Franzen Patrick Sharp 40 1 2 2
Penalty Kill 4 Players Defense
Defense Defense Time % Phy DF OF
1 Cam Barker Kimmo Timonen 60 1 2 2
2 Brent Seabrook Bryan Berard 40 1 2 2
Penalty Kill - 3 Players Forward
Forward Time % Phy DF OF
1 Brad Richards 60 1 2 2
2 Milan Lucic 40 1 2 2
Penalty Kill - 3 Players Defense
Defense Defense Time % Phy DF OF
1 Cam Barker Kimmo Timonen 60 1 2 2
2 Brent Seabrook Bryan Berard 40 1 2 2
4 vs 4 Forward
Center Wing Time % Phy DF OF
1 Brad Richards Milan Lucic 60 1 2 2
2 Johan Franzen Patrick Sharp 40 1 2 2
4 vs 4 Defense
Defense Defense Time % Phy DF OF
1 Cam Barker Kimmo Timonen 60 1 2 2
2 Brent Seabrook Bryan Berard 40 1 2 2
Last Minutes Offensive
Center Left Wing Right Wing Defense Defense
Brad Richards Milan Lucic Johan Franzen Cam Barker Kimmo Timonen
Last Minutes Defensive
Center Left Wing Right Wing Defense Defense
Brad Richards Milan Lucic Johan Franzen Cam Barker Kimmo Timonen
Goaltenders
Starting : Hannu Toivonen
Backup : Henrik Lundqvist
Extra Forwards
Normal : Alexandre Burrows, Drew Stafford, Valtteri Filppula - PP : Alexandre Burrows, Drew Stafford - PK : Valtteri Filppula
Extra Defensemen
Normal : Kyle McLaren, Matt Greene, Mark Fistric - PP : Kyle McLaren - PK : Matt Greene, Mark Fistric
Penalty Shots
Brad Richards, Milan Lucic, Johan Franzen, Patrick Sharp, Patrice Bergeron
Canucks
5 vs 5 Forward
Center Left Wing Right Wing Time % Phy DF OF
1 Matt Stajan Clarke MacArthur Jaromir Jagr 49 1 2 2
2 Kris Vernarsky Peter Worrell David Jones 30 1 2 2
3 Erik Christensen Fabian Brunnstrom Jeremy Williams 20 1 2 2
4 Brad Richardson Daniel Paille Jaromir Jagr 1 1 2 2
5 vs 5 Defense
Defense Defense Time % Phy DF OF
1 Mark Streit Scott Niedermayer 45 1 2 2
2 Brent Sopel Derian Hatcher 30 1 2 2
3 François Beauchemin Taylor Chorney 15 1 2 2
4 Mark Streit Scott Niedermayer 10 1 2 2
PowerPlay Forward
Center Left Wing Right Wing Time % Phy DF OF
1 Matt Stajan Clarke MacArthur Jaromir Jagr 60 1 2 2
2 Kris Vernarsky Peter Worrell David Jones 40 1 2 2
PowerPlay Defense
Defense Defense Time % Phy DF OF
1 Mark Streit Scott Niedermayer 60 1 2 2
2 Brent Sopel Derian Hatcher 40 1 2 2
Penalty Kill 4 Players Forward
Center Wing Time % Phy DF OF
1 Jaromir Jagr Peter Worrell 60 1 2 2
2 Matt Stajan Clarke MacArthur 40 1 2 2
Penalty Kill 4 Players Defense
Defense Defense Time % Phy DF OF
1 Mark Streit Scott Niedermayer 60 1 2 2
2 Brent Sopel Derian Hatcher 40 1 2 2
Penalty Kill - 3 Players Forward
Forward Time % Phy DF OF
1 Jaromir Jagr 60 1 2 2
2 Peter Worrell 40 1 2 2
Penalty Kill - 3 Players Defense
Defense Defense Time % Phy DF OF
1 Mark Streit Scott Niedermayer 60 1 2 2
2 Brent Sopel Derian Hatcher 40 1 2 2
4 vs 4 Forward
Center Wing Time % Phy DF OF
1 Jaromir Jagr Peter Worrell 60 1 2 2
2 Matt Stajan Clarke MacArthur 40 1 2 2
4 vs 4 Defense
Defense Defense Time % Phy DF OF
1 Mark Streit Scott Niedermayer 60 1 2 2
2 Brent Sopel Derian Hatcher 40 1 2 2
Last Minutes Offensive
Center Left Wing Right Wing Defense Defense
Matt Stajan Peter Worrell Jaromir Jagr Mark Streit Scott Niedermayer
Last Minutes Defensive
Center Left Wing Right Wing Defense Defense
Matt Stajan Peter Worrell Jaromir Jagr Mark Streit Scott Niedermayer
Goaltenders
Starting : Carey Price
Backup : José Theodore
Extra Forwards
Normal : Fabian Brunnstrom, Erik Christensen, Daniel Paille - PP : Fabian Brunnstrom, Erik Christensen - PK : Daniel Paille
Extra Defensemen
Normal : François Beauchemin, Taylor Chorney, Brent Sopel - PP : François Beauchemin - PK : Taylor Chorney, Brent Sopel
Penalty Shots
Jaromir Jagr, Peter Worrell, Matt Stajan, Clarke MacArthur, Fabian Brunnstrom
% Time on Ice - Rangers
Lines # - Real PCT - Wanted PCT - Time Play
Normal Forward
1 - 33% - 40% - 15:50
2 - 34% - 30% - 16:28
3 - 23% - 20% - 11:04
4 - 10% - 10% - 4:44
Normal Defense
1 - 34% - 40% - 16:23
2 - 34% - 30% - 16:14
3 - 25% - 20% - 12:07
4 - 7% - 10% - 3:22
PP Forward
1 - 54% - 60% - 3:12
2 - 46% - 40% - 2:45
PP Defense
1 - 64% - 60% - 3:49
2 - 36% - 40% - 2:08
PK Forward
1 - 77% - 60% - 3:03
2 - 23% - 40% - 0:55
PK Defense
1 - 59% - 60% - 2:20
2 - 41% - 40% - 1:38
PK3 Forward
1 - 0% - 60%
2 - 0% - 40%
PK3 Defense
1 - 0% - 60%
2 - 0% - 40%
44 Forward
1 - 66% - 60% - 1:18
2 - 34% - 40% - 0:41
44 Defense
1 - 65% - 60% - 1:17
2 - 35% - 40% - 0:42
Last Minute Offensive - 0:00
Last Minute Defensive - 0:00
Total
Forward - 60:00
Defense - 60:00
|
% Time on Ice - Canucks
Lines # - Real PCT - Wanted PCT - Time Play
Normal Forward
1 - 36% - 49% - 17:28
2 - 31% - 30% - 14:59
3 - 24% - 20% - 11:25
4 - 9% - 1% - 4:14
Normal Defense
1 - 42% - 45% - 20:04
2 - 33% - 30% - 15:58
3 - 24% - 15% - 11:19
4 - 2% - 10% - 0:45
PP Forward
1 - 52% - 60% - 2:03
2 - 48% - 40% - 1:55
PP Defense
1 - 59% - 60% - 2:21
2 - 41% - 40% - 1:37
PK Forward
1 - 78% - 60% - 4:39
2 - 22% - 40% - 1:18
PK Defense
1 - 52% - 60% - 3:07
2 - 48% - 40% - 2:50
PK3 Forward
1 - 0% - 60%
2 - 0% - 40%
PK3 Defense
1 - 0% - 60%
2 - 0% - 40%
44 Forward
1 - 66% - 60% - 1:19
2 - 34% - 40% - 0:40
44 Defense
1 - 66% - 60% - 1:18
2 - 34% - 40% - 0:41
Last Minute Offensive - 0:00
Last Minute Defensive - 0:00
Total
Forward - 60:00
Defense - 60:00
|
Play by Play
1st period
0:01 of 1st period - Jaromir Jagr wins face-off versus Brad Richards in neutral zone.
0:13 of 1st period - Scott Niedermayer is hit by Milan Lucic and loses puck.
0:47 of 1st period - Snap shot by Valtteri Filppula.
0:47 of 1st period - Stopped by Carey Price with a rebound.
0:49 of 1st period - Wrist shot by Alexandre Burrows.
0:49 of 1st period - Shot Hit the Post.
1:07 of 1st period - Slapshot by Mark Streit.
1:07 of 1st period - Stopped by Hannu Toivonen without a rebound.
1:08 of 1st period - Jaroslav Balastik wins face-off versus Brad Richardson in Rangers zone.
1:15 of 1st period - Snap shot by Brad Richards.
1:15 of 1st period - Stopped by Carey Price with a rebound.
1:29 of 1st period - Snap shot by Jaroslav Balastik.
1:29 of 1st period - Shot Misses the Net.
2:10 of 1st period - Off-side.
2:11 of 1st period - Patrice Bergeron wins face-off versus Kris Vernarsky in neutral zone.
2:21 of 1st period - Wrist shot by Peter Worrell.
2:21 of 1st period - Shot Blocked by Kimmo Timonen.
2:23 of 1st period - Snap shot by Peter Worrell.
2:23 of 1st period - Shot Misses the Net.
2:37 of 1st period - Drew Stafford is hit by Fabian Brunnstrom and loses puck.
2:45 of 1st period - Minor Penalty to Erik Christensen for Tripping.
2:45 of 1st period - Minor Penalty to Kimmo Timonen for Interference.
2:46 of 1st period - Jaromir Jagr wins face-off versus Milan Lucic in Canucks zone.
2:54 of 1st period - Slapshot by Jaromir Jagr.
2:54 of 1st period - Shot Misses the Net.
2:56 of 1st period - Snap shot by Jaromir Jagr.
2:56 of 1st period - Stopped by Hannu Toivonen with a rebound.
3:00 of 1st period - Snap shot by Jaromir Jagr.
3:00 of 1st period - Stopped by Hannu Toivonen without a rebound.
3:01 of 1st period - Milan Lucic wins face-off versus Jaromir Jagr in Rangers zone.
3:31 of 1st period - Wrist shot by Johan Franzen.
3:31 of 1st period - Stopped by Carey Price with a rebound.
4:43 of 1st period - Cam Barker is hit by Mark Streit.
4:45 of 1st period - Penalty to Erik Christensen is over, Erik Christensen is back on ice.
4:45 of 1st period - Penalty to Kimmo Timonen is over, Kimmo Timonen is back on ice.
5:27 of 1st period - Snap shot by Clarke MacArthur.
5:27 of 1st period - Stopped by Hannu Toivonen without a rebound.
5:28 of 1st period - Patrice Bergeron wins face-off versus Kris Vernarsky in Rangers zone.
5:54 of 1st period - Milan Lucic is hit by Brad Richardson and loses puck.
6:21 of 1st period - Slapshot by Johan Franzen.
6:21 of 1st period - Shot Misses the Net.
6:43 of 1st period - Snap shot by Drew Stafford.
6:43 of 1st period - Stopped by Carey Price with a rebound.
6:55 of 1st period - Brad Richardson is hit by Dustin Brown and loses puck.
7:08 of 1st period - Peter Worrell is hit by Milan Lucic and loses puck.
7:28 of 1st period - Matt Greene is hit by Clarke MacArthur and loses puck.
7:49 of 1st period - Icing by Erik Christensen.
7:50 of 1st period - Matt Stajan wins face-off versus Byron Ritchie in Canucks zone.
9:33 of 1st period - Snap shot by Johan Franzen.
9:33 of 1st period - Shot Blocked by Brent Sopel.
9:41 of 1st period - Wrist shot by Johan Franzen.
9:41 of 1st period - Stopped by Carey Price with a rebound.
9:59 of 1st period - Wrist shot by Johan Franzen.
9:59 of 1st period - Stopped by Carey Price without a rebound.
10:00 of 1st period - Brad Richardson wins face-off versus Dustin Brown in Canucks zone.
10:07 of 1st period - Snap shot by Patrice Bergeron.
10:07 of 1st period - Goal by Patrice Bergeron - Rangers : 1 - Canucks : 0.
10:08 of 1st period - Matt Stajan wins face-off versus Patrice Bergeron in neutral zone.
10:15 of 1st period - Wrist shot by Jaromir Jagr.
10:15 of 1st period - Shot Misses the Net.
10:17 of 1st period - Snap shot by Matt Stajan.
10:17 of 1st period - Stopped by Hannu Toivonen with a rebound.
10:19 of 1st period - Slapshot by Matt Stajan.
10:19 of 1st period - Stopped by Hannu Toivonen with a rebound.
11:50 of 1st period - Snap shot by Patrice Bergeron.
11:50 of 1st period - Stopped by Carey Price without a rebound.
11:51 of 1st period - Brad Richards wins face-off versus Matt Stajan in Canucks zone.
12:04 of 1st period - Derian Hatcher is hit by Johan Franzen and loses puck.
13:15 of 1st period - Slapshot by Scott Niedermayer.
13:15 of 1st period - Shot Blocked by Brent Seabrook.
13:17 of 1st period - Snap shot by Daniel Paille.
13:17 of 1st period - Stopped by Hannu Toivonen with a rebound.
13:19 of 1st period - Slapshot by Jaromir Jagr.
13:19 of 1st period - Stopped by Hannu Toivonen without a rebound.
13:20 of 1st period - Brad Richards wins face-off versus Matt Stajan in Rangers zone.
13:43 of 1st period - Bryan Berard is hit by Fabian Brunnstrom and loses puck.
13:53 of 1st period - Icing by Patrick Sharp.
13:54 of 1st period - Matt Stajan wins face-off versus Patrice Bergeron in Rangers zone.
14:07 of 1st period - Wrist shot by Clarke MacArthur.
14:07 of 1st period - Stopped by Hannu Toivonen with a rebound.
14:21 of 1st period - Peter Worrell is hit by Bryan Berard and loses puck.
14:36 of 1st period - Jeremy Williams is hit by Alexandre Burrows and loses puck.
14:45 of 1st period - Snap shot by Valtteri Filppula.
14:45 of 1st period - Shot Misses the Net.
14:47 of 1st period - Slapshot by Bryan Berard.
14:47 of 1st period - Deflect By Drew Stafford.
14:47 of 1st period - Shot Misses the Net.
14:47 of 1st period - Puck is out of play.
14:48 of 1st period - Brad Richards wins face-off versus Clarke MacArthur in Canucks zone.
15:19 of 1st period - Off-side.
15:20 of 1st period - Patrice Bergeron wins face-off versus Matt Stajan in neutral zone.
15:47 of 1st period - Kris Vernarsky is hit by Kyle McLaren and loses puck.
16:10 of 1st period - Wrist shot by Valtteri Filppula.
16:10 of 1st period - Shot Misses the Net.
16:12 of 1st period - Slapshot by Bryan Berard.
16:12 of 1st period - Deflect By Alexandre Burrows.
16:12 of 1st period - Goal by Alexandre Burrows - Rangers : 2 - Canucks : 0.
16:13 of 1st period - Milan Lucic wins face-off versus Jaromir Jagr in neutral zone.
16:23 of 1st period - Minor Penalty to Matt Stajan for Tripping.
16:24 of 1st period - Jaromir Jagr wins face-off versus Brad Richards in Canucks zone.
17:05 of 1st period - Snap shot by Patrice Bergeron.
17:05 of 1st period - Shot Misses the Net.
18:23 of 1st period - Penalty to Matt Stajan is over, Matt Stajan is back on ice.
19:10 of 1st period - Minor Penalty to Drew Stafford for Roughing.
19:11 of 1st period - Kris Vernarsky wins face-off versus Brad Richards in Rangers zone.
2nd period
0:01 of 2nd period - Matt Stajan wins face-off versus Brad Richards in neutral zone.
0:13 of 2nd period - Milan Lucic is hit by Matt Stajan and loses puck.
1:10 of 2nd period - Penalty to Drew Stafford is over, Drew Stafford is back on ice.
1:20 of 2nd period - Brent Seabrook is hit by Scott Niedermayer and loses puck.
1:27 of 2nd period - Slapshot by Fabian Brunnstrom.
1:27 of 2nd period - Stopped by Hannu Toivonen without a rebound.
1:28 of 2nd period - Matt Stajan wins face-off versus Patrice Bergeron in Rangers zone.
1:31 of 2nd period - Snap shot by Jaromir Jagr.
1:31 of 2nd period - Shot Misses the Net.
1:33 of 2nd period - Slapshot by Clarke MacArthur.
1:33 of 2nd period - Deflect By Matt Stajan.
1:33 of 2nd period - Shot Misses the Net.
1:33 of 2nd period - Puck is out of play.
1:34 of 2nd period - Matt Stajan wins face-off versus Patrice Bergeron in Rangers zone.
1:35 of 2nd period - Slapshot by Jaromir Jagr.
1:35 of 2nd period - Stopped by Hannu Toivonen without a rebound.
1:36 of 2nd period - Patrice Bergeron wins face-off versus Matt Stajan in Rangers zone.
2:06 of 2nd period - Snap shot by Clarke MacArthur.
2:06 of 2nd period - Stopped by Hannu Toivonen without a rebound.
2:07 of 2nd period - Kris Vernarsky wins face-off versus Brad Richards in Rangers zone.
2:08 of 2nd period - Slapshot by David Jones.
2:08 of 2nd period - Stopped by Hannu Toivonen without a rebound.
2:09 of 2nd period - Brad Richards wins face-off versus David Jones in Rangers zone.
2:16 of 2nd period - Taylor Chorney is hit by Brad Richards and loses puck.
3:02 of 2nd period - Off-side.
3:03 of 2nd period - Matt Stajan wins face-off versus Brad Richards in neutral zone.
3:37 of 2nd period - Wrist shot by Patrick Sharp.
3:37 of 2nd period - Stopped by Carey Price without a rebound.
3:38 of 2nd period - Matt Stajan wins face-off versus Brad Richards in Canucks zone.
4:04 of 2nd period - Patrice Bergeron is hit by Derian Hatcher and loses puck.
4:46 of 2nd period - Wrist shot by Jaromir Jagr.
4:46 of 2nd period - Stopped by Hannu Toivonen without a rebound.
4:47 of 2nd period - Brad Richards wins face-off versus Matt Stajan in Rangers zone.
4:47 of 2nd period - Brad Richards is hit by Matt Stajan.
4:57 of 2nd period - Snap shot by Milan Lucic.
4:57 of 2nd period - Stopped by Carey Price without a rebound.
4:58 of 2nd period - Matt Stajan wins face-off versus Brad Richards in Canucks zone.
5:23 of 2nd period - Wrist shot by Valtteri Filppula.
5:23 of 2nd period - Shot Blocked by Matt Stajan.
5:25 of 2nd period - Slapshot by Alexandre Burrows.
5:25 of 2nd period - Shot Misses the Net.
5:27 of 2nd period - Slapshot by Bryan Berard.
5:27 of 2nd period - Stopped by Carey Price with a rebound.
5:33 of 2nd period - Wrist shot by Alexandre Burrows.
5:33 of 2nd period - Goal by Alexandre Burrows - Rangers : 3 - Canucks : 0.
5:34 of 2nd period - Kris Vernarsky wins face-off versus Brad Richards in neutral zone.
5:39 of 2nd period - Slapshot by Scott Niedermayer.
5:39 of 2nd period - Shot Misses the Net.
6:10 of 2nd period - Slapshot by Brent Seabrook.
6:10 of 2nd period - Shot Misses the Net.
6:17 of 2nd period - Minor Penalty to Alexandre Burrows for Hooking.
6:18 of 2nd period - Matt Stajan wins face-off versus Brad Richards in Rangers zone.
6:21 of 2nd period - Slapshot by Jaromir Jagr.
6:21 of 2nd period - Stopped by Hannu Toivonen with a rebound.
6:31 of 2nd period - Snap shot by Jaromir Jagr.
6:31 of 2nd period - Shot Misses the Net.
6:33 of 2nd period - Wrist shot by Jaromir Jagr.
6:33 of 2nd period - Shot Misses the Net.
8:17 of 2nd period - Penalty to Alexandre Burrows is over, Alexandre Burrows is back on ice.
8:20 of 2nd period - Snap shot by Johan Franzen.
8:20 of 2nd period - Shot Blocked by Mark Streit.
8:36 of 2nd period - Snap shot by Patrice Bergeron.
8:36 of 2nd period - Stopped by Carey Price with a rebound.
8:38 of 2nd period - Slapshot by Kyle McLaren.
8:38 of 2nd period - Deflect By Jeremy Williams.
8:38 of 2nd period - Stopped by Carey Price without a rebound.
8:39 of 2nd period - Erik Christensen wins face-off versus Patrice Bergeron in Canucks zone.
10:15 of 2nd period - Snap shot by Erik Christensen.
10:15 of 2nd period - Stopped by Hannu Toivonen with a rebound.
11:26 of 2nd period - Icing by Derian Hatcher.
11:27 of 2nd period - Daniel Paille wins face-off versus Valtteri Filppula in Canucks zone.
11:36 of 2nd period - Wrist shot by Brad Richardson.
11:36 of 2nd period - Shot Misses the Net.
12:07 of 2nd period - Slapshot by Patrice Bergeron.
12:07 of 2nd period - Shot Misses the Net.
12:09 of 2nd period - Snap shot by Brad Richards.
12:09 of 2nd period - Shot Misses the Net.
12:11 of 2nd period - Snap shot by Brad Richards.
12:11 of 2nd period - Stopped by Carey Price without a rebound.
12:12 of 2nd period - Brad Richards wins face-off versus Matt Stajan in Canucks zone.
12:17 of 2nd period - Wrist shot by Johan Franzen.
12:17 of 2nd period - Stopped by Carey Price with a rebound.
12:36 of 2nd period - David Jones is hit by Patrice Bergeron.
13:02 of 2nd period - Snap shot by Fabian Brunnstrom.
13:02 of 2nd period - Stopped by Hannu Toivonen with a rebound.
13:04 of 2nd period - Wrist shot by Erik Christensen.
13:04 of 2nd period - Deflect By Jeremy Williams.
13:04 of 2nd period - Shot Blocked by Valtteri Filppula.
13:04 of 2nd period - Puck is out of play.
13:05 of 2nd period - Matt Stajan wins face-off versus Brad Richards in Rangers zone.
13:53 of 2nd period - Wrist shot by Alexandre Burrows.
13:53 of 2nd period - Shot Misses the Net.
13:55 of 2nd period - Snap shot by Alexandre Burrows.
13:55 of 2nd period - Shot Blocked by Taylor Chorney.
13:57 of 2nd period - Slapshot by Cam Barker.
13:57 of 2nd period - Deflect By Taylor Chorney.
13:57 of 2nd period - Stopped by Carey Price with a rebound.
14:01 of 2nd period - Wrist shot by Valtteri Filppula.
14:01 of 2nd period - Shot Blocked by Erik Christensen.
14:12 of 2nd period - Icing by François Beauchemin.
14:13 of 2nd period - Matt Stajan wins face-off versus Byron Ritchie in Canucks zone.
14:54 of 2nd period - Snap shot by Jaroslav Balastik.
14:54 of 2nd period - Stopped by Carey Price without a rebound.
14:55 of 2nd period - Matt Stajan wins face-off versus Patrice Bergeron in Canucks zone.
16:10 of 2nd period - Snap shot by Dustin Brown.
16:10 of 2nd period - Stopped by Carey Price with a rebound.
16:24 of 2nd period - Snap shot by Drew Stafford.
16:24 of 2nd period - Shot Misses the Net.
16:26 of 2nd period - Slapshot by Kyle McLaren.
16:26 of 2nd period - Shot Misses the Net.
16:28 of 2nd period - Slapshot by Matt Greene.
16:28 of 2nd period - Shot Misses the Net.
16:30 of 2nd period - Snap shot by Matt Greene.
16:30 of 2nd period - Stopped by Carey Price without a rebound.
16:31 of 2nd period - Erik Christensen wins face-off versus Valtteri Filppula in Canucks zone.
17:01 of 2nd period - Wrist shot by Matt Stajan.
17:01 of 2nd period - Deflect By Jaromir Jagr.
17:01 of 2nd period - Stopped by Hannu Toivonen with a rebound.
18:27 of 2nd period - François Beauchemin is hit by Patrice Bergeron and loses puck.
18:38 of 2nd period - Slapshot by François Beauchemin.
18:38 of 2nd period - Deflect By Kyle McLaren.
18:38 of 2nd period - Stopped by Hannu Toivonen without a rebound.
18:39 of 2nd period - Brad Richards wins face-off versus Kris Vernarsky in Rangers zone.
18:52 of 2nd period - Snap shot by Kris Vernarsky.
18:52 of 2nd period - Goal by Kris Vernarsky - Rangers : 3 - Canucks : 1.
18:53 of 2nd period - Matt Stajan wins face-off versus Brad Richards in neutral zone.
19:00 of 2nd period - Wrist shot by Jaromir Jagr.
19:00 of 2nd period - Stopped by Hannu Toivonen without a rebound.
19:01 of 2nd period - Brad Richards wins face-off versus Matt Stajan in Rangers zone.
19:32 of 2nd period - Slapshot by David Jones.
19:32 of 2nd period - Stopped by Hannu Toivonen with a rebound.
3rd period
0:01 of 3rd period - Clarke MacArthur wins face-off versus Brad Richards in neutral zone.
0:16 of 3rd period - Snap shot by Brad Richards.
0:16 of 3rd period - Shot Misses the Net.
0:31 of 3rd period - Snap shot by Peter Worrell.
0:31 of 3rd period - Shot Misses the Net.
0:33 of 3rd period - Snap shot by Kris Vernarsky.
0:33 of 3rd period - Stopped by Hannu Toivonen with a rebound.
0:35 of 3rd period - Snap shot by Peter Worrell.
0:35 of 3rd period - Shot Misses the Net.
0:49 of 3rd period - Jeremy Williams is hit by Drew Stafford and loses puck.
0:58 of 3rd period - Drew Stafford is hit by Fabian Brunnstrom and loses puck.
1:08 of 3rd period - Icing by Brent Seabrook.
1:09 of 3rd period - Brad Richards wins face-off versus Matt Stajan in Rangers zone.
1:11 of 3rd period - Icing by Johan Franzen.
1:12 of 3rd period - Matt Stajan wins face-off versus Brad Richards in Rangers zone.
1:25 of 3rd period - Snap shot by Johan Franzen.
1:25 of 3rd period - Stopped by Carey Price without a rebound.
1:26 of 3rd period - Matt Stajan wins face-off versus Brad Richards in Canucks zone.
1:26 of 3rd period - Matt Stajan is hit by Milan Lucic.
1:52 of 3rd period - Kris Vernarsky is hit by Kimmo Timonen and loses puck.
2:15 of 3rd period - Kimmo Timonen is hit by Fabian Brunnstrom and loses puck.
2:40 of 3rd period - Icing by Cam Barker.
2:41 of 3rd period - Valtteri Filppula wins face-off versus Kris Vernarsky in Rangers zone.
2:41 of 3rd period - Valtteri Filppula is hit by Peter Worrell.
2:51 of 3rd period - Snap shot by Milan Lucic.
2:51 of 3rd period - Stopped by Carey Price with a rebound.
2:53 of 3rd period - Wrist shot by Milan Lucic.
2:53 of 3rd period - Shot Misses the Net.
3:12 of 3rd period - Slapshot by Matt Greene.
3:12 of 3rd period - Stopped by Carey Price without a rebound.
3:13 of 3rd period - Brad Richards wins face-off versus Matt Stajan in Canucks zone.
3:50 of 3rd period - Slapshot by Brad Richards.
3:50 of 3rd period - Shot Blocked by Matt Stajan.
3:52 of 3rd period - Snap shot by Johan Franzen.
3:52 of 3rd period - Stopped by Carey Price with a rebound.
3:54 of 3rd period - Slapshot by Milan Lucic.
3:54 of 3rd period - Stopped by Carey Price without a rebound.
3:55 of 3rd period - Kris Vernarsky wins face-off versus Dustin Brown in Canucks zone.
4:41 of 3rd period - Wrist shot by Alexandre Burrows.
4:41 of 3rd period - Stopped by Carey Price with a rebound.
4:43 of 3rd period - Snap shot by Drew Stafford.
4:43 of 3rd period - Shot Misses the Net.
4:45 of 3rd period - Snap shot by Valtteri Filppula.
4:45 of 3rd period - Shot Blocked by Derian Hatcher.
4:47 of 3rd period - Wrist shot by Matt Greene.
4:47 of 3rd period - Stopped by Carey Price with a rebound.
4:48 of 3rd period - Minor Penalty to Brad Richardson for Hooking.
4:49 of 3rd period - Jaromir Jagr wins face-off versus Brad Richards in Canucks zone.
5:22 of 3rd period - Wrist shot by Dustin Brown.
5:22 of 3rd period - Stopped by Carey Price with a rebound.
5:24 of 3rd period - Slapshot by Brent Seabrook.
5:24 of 3rd period - Shot Misses the Net.
6:48 of 3rd period - Penalty to Brad Richardson is over, Brad Richardson is back on ice.
7:07 of 3rd period - Alexandre Burrows is hit by Brad Richardson and loses puck.
7:18 of 3rd period - Matt Greene is hit by Erik Christensen and loses puck.
7:49 of 3rd period - Slapshot by Jeremy Williams.
7:49 of 3rd period - Stopped by Hannu Toivonen without a rebound.
7:50 of 3rd period - Daniel Paille wins face-off versus Drew Stafford in Rangers zone.
7:51 of 3rd period - Wrist shot by Fabian Brunnstrom.
7:51 of 3rd period - Stopped by Hannu Toivonen with a rebound.
7:53 of 3rd period - Snap shot by Daniel Paille.
7:53 of 3rd period - Shot Blocked by Bryan Berard.
7:55 of 3rd period - Snap shot by Fabian Brunnstrom.
7:55 of 3rd period - Shot Blocked by Brent Seabrook.
7:57 of 3rd period - Wrist shot by Jeremy Williams.
7:57 of 3rd period - Stopped by Hannu Toivonen without a rebound.
7:58 of 3rd period - David Jones wins face-off versus Patrice Bergeron in Rangers zone.
8:31 of 3rd period - Snap shot by Alexandre Burrows.
8:31 of 3rd period - Stopped by Carey Price without a rebound.
8:31 of 3rd period - Minor Penalty to Derian Hatcher for Hooking.
8:32 of 3rd period - Brad Richards wins face-off versus Jaromir Jagr in Canucks zone.
10:31 of 3rd period - Penalty to Derian Hatcher is over, Derian Hatcher is back on ice.
10:42 of 3rd period - Snap shot by Drew Stafford.
10:42 of 3rd period - Shot Misses the Net.
10:44 of 3rd period - Slapshot by Alexandre Burrows.
10:44 of 3rd period - Shot Misses the Net.
11:14 of 3rd period - Slapshot by Peter Worrell.
11:14 of 3rd period - Deflect By David Jones.
11:14 of 3rd period - Stopped by Hannu Toivonen without a rebound.
11:15 of 3rd period - Kris Vernarsky wins face-off versus Patrice Bergeron in Rangers zone.
11:16 of 3rd period - Snap shot by David Jones.
11:16 of 3rd period - Deflect By Kris Vernarsky.
11:16 of 3rd period - Stopped by Hannu Toivonen with a rebound.
12:09 of 3rd period - Slapshot by Brent Seabrook.
12:09 of 3rd period - Shot Blocked by François Beauchemin.
12:11 of 3rd period - Slapshot by Bryan Berard.
12:11 of 3rd period - Deflect By Kris Vernarsky.
12:11 of 3rd period - Stopped by Carey Price with a rebound.
12:25 of 3rd period - Cam Barker is hit by Fabian Brunnstrom and loses puck.
12:38 of 3rd period - Wrist shot by Fabian Brunnstrom.
12:38 of 3rd period - Shot Misses the Net.
12:59 of 3rd period - Valtteri Filppula is hit by Matt Stajan and loses puck.
13:34 of 3rd period - Mark Streit is hit by Patrick Sharp and loses puck.
13:51 of 3rd period - Snap shot by Fabian Brunnstrom.
13:51 of 3rd period - Shot Misses the Net.
14:26 of 3rd period - Daniel Paille is hit by Patrice Bergeron and loses puck.
15:02 of 3rd period - Drew Stafford is hit by Brent Sopel and loses puck.
15:17 of 3rd period - Snap shot by Peter Worrell.
15:17 of 3rd period - Stopped by Hannu Toivonen with a rebound.
15:58 of 3rd period - Icing by Valtteri Filppula.
15:59 of 3rd period - Alexandre Burrows wins face-off versus Kris Vernarsky in Rangers zone.
16:26 of 3rd period - Kyle McLaren is hit by Erik Christensen.
16:48 of 3rd period - Patrick Sharp is hit by David Jones and loses puck.
17:56 of 3rd period - Valtteri Filppula is hit by Jeremy Williams and loses puck.
18:20 of 3rd period - Icing by Milan Lucic.
18:21 of 3rd period - Brad Richards wins face-off versus Matt Stajan in Rangers zone.
18:54 of 3rd period - Backhand shot by Clarke MacArthur.
18:54 of 3rd period - Shot Misses the Net.
19:08 of 3rd period - Snap shot by Fabian Brunnstrom.
19:08 of 3rd period - Stopped by Hannu Toivonen with a rebound.
Output by the SimonT Hockey Simulator (STHS) for François Prévost -- Original Page W3C XHTML 1.0 Valid